 Dungeon Crawl Stone Soup version bcrawl-1.28 (webtiles) character file.

Game seed: 4560619443840246961

101512 MisterOstroum the Vexing (level 4, 0/32 HPs)
             Began as a Demonspawn Enchanter on Nov 21, 2020.
             Slain by a hound (3 damage)
             ... on level 3 of the Dungeon.
             The game lasted 00:07:22 (2636 turns).

MisterOstroum the Vexing (Demonspawn Enchanter)     Turns: 2636, Time: 00:07:22

Health: 0/32       AC:  2    Str:  9    XL:     4   Next: 24%
Magic:  2/7        EV: 12    Int: 17    God:
Gold:   74         SH:  0    Dex: 13    Spells: 1/7 levels left

rFire    + . .     SeeInvis .   k - +0 short sword
rCold    . . .     Gourm    .   (no shield)
rNeg     . . .     Faith    .   b - +0 robe
rPois    .         Spirit   .   (no helmet)
rElec    .         Reflect  .   (no cloak)
rCorr    .         Harm     .   (no gloves)
MR       .....                  (no boots)
Stlth    ++........             (no amulet)
HPRegen  0.10/turn              (no ring)
MPRegen  0.10/turn              (no ring)

@: very slightly contaminated, hasted, invisible, very quick
A: fire resistance 1
a: no special abilities


You were on level 3 of the Dungeon.
You were not hungry.

You visited 1 branch of the dungeon, and saw 3 of its levels.

You collected 74 gold pieces.

Inventory:

Hand Weapons
 a - a +1 dagger
 k - a +0 short sword (weapon)
Missiles
 g - 644 stones (quivered)
 m - 131 bolts
 p - 317 arrows
 q - 76 poisoned needles
Armour
 b - a +0 robe (worn)
Scrolls
 c - a scroll of magic mapping {unknown}
 d - 2 scrolls of fog {!r}
 h - 4 scrolls of teleportation {unknown}
 i - 7 scrolls of identify {@r1}
 j - a scroll of remove curse {unknown}
Potions
 n - a potion of lignification {unknown}
 o - a potion of ambrosia {unknown}
Comestibles
 e - 3 rations {!d}


   Skills:
 - Level 1.3 Fighting
 * Level 2.3 Short Blades
 - Level 1.7 Dodging
 - Level 3.0 Stealth
 - Level 2.0 Spellcasting
 + Level 3.5 Hexes
 * Level 1.4 Ice Magic


You had one spell level left.
You knew the following spells:

 Your Spells              Type           Power        Failure   Level  Hunger
a - Corona                Hex            ##.....      4%          1    None
b - Ensorcelled Hibernat  Hex/Ice        ##....       11%         2    ##.....
c - Tukima's Dance        Hex            ##......     14%         3    ####...

Your spell library contained the following spells:

 Spells                   Type           Power        Failure   Level  Hunger
 Magic Dart               Conj           #...         19%         1    None
 Confuse                  Hex            ##......     14%         3    ####...
 Blink                    Tloc           N/A          28%         2    ##.....
 Call Imp                 Summ           #.....       28%         2    ##.....
 Dazzling Orbs            Conj/Hex       #......      28%         3    ####...
 Conjure Flame            Conj/Fire      #.......     50%         3    ####...
 Mephitic Cloud           Conj/Pois/Air  #.......     50%         3    ####...
 Spider Form              Tmut/Pois      #..          50%         3    ####...


Dungeon Overview and Level Annotations

Branches:
Dungeon (3/12)

Altars:
Gozag

Annotations:
D:2 Sigmund


Innate Abilities, Weirdness & Mutations

Your flesh is heat resistant. (rF+)


Message History

A hobgoblin comes into view.
There is an open door here.
A hobgoblin is nearby!
A hobgoblin is nearby!
Casting: Ensorcelled Hibernation (safe; 11% risk of failure)
Confirm with . or Enter, or press ? or * to list all spells.
Aiming: Ensorcelled Hibernation (safe; 11% risk of failure)
Press: ? - help, Shift-Dir - straight line, f - hobgoblin
Aim: a hobgoblin (chance to defeat MR: 59%)
The hobgoblin resists with significant effort.
Casting: Ensorcelled Hibernation (safe; 11% risk of failure)
Confirm with . or Enter, or press ? or * to list all spells.
Aiming: Ensorcelled Hibernation (safe; 11% risk of failure)
Press: ? - help, Shift-Dir - straight line, f/p - hobgoblin
Aim: a hobgoblin (chance to defeat MR: 59%)
The hobgoblin looks drowsy...
A hound comes into view.
The helpless hobgoblin fails to defend itself.
You puncture the hobgoblin!
You kill the hobgoblin!
An orc comes into view. It is wielding a +0 club.
The orc moves out of view.
Throwing (i - inventory)
g - 645 stones (quivered)
Press: ? - help, Shift-Dir - straight line, f - hound
Aim: a hound (hasn't noticed you)
You throw a stone. The hound barks!
The stone hits the hound but does no damage.
You hear a shout!
You see here a hobgoblin corpse.
You butcher the hobgoblin corpse.
Things that are here:
3 chunks of flesh; a hobgoblin skeleton The orc barely misses you.
The hound bites you. The hound closely misses you.
There is an open door here.
Casting: Ensorcelled Hibernation (safe; 11% risk of failure)
Confirm with . or Enter, or press ? or * to list all spells.
Aiming: Ensorcelled Hibernation (safe; 11% risk of failure)
Press: ? - help, Shift-Dir - straight line, f/p - hound
Aim: a hound (chance to defeat MR: 50%)
The hound resists with some effort.
You are starving!
The hound closely misses you.
You eat one of the 4 rations {!d}.
That ration really hit the spot!
The hound bites you. The hound barely misses you.
Casting: Ensorcelled Hibernation (safe; 11% risk of failure)
Confirm with . or Enter, or press ? or * to list all spells.
Aiming: Ensorcelled Hibernation (safe; 11% risk of failure)
Press: ? - help, Shift-Dir - straight line, f/p - hound
Aim: a hound (chance to defeat MR: 50%)
The hound resists with some effort.
The hound barely misses you.
You hit the hound.
The hound is lightly wounded.
The hound bites you.
Wield which item (- for none, * to show all)? (? for menu, Esc to quit)
Okay, then.
Wield which item (- for none, * to show all)? (? for menu, Esc to quit)
k - a +0 short sword (weapon)
The hound bites you.
You barely miss the hound.
The hound is lightly wounded.
The hound closely misses you. The hound bites you but does no damage.
You closely miss the hound.
The hound is lightly wounded.
The hound bites you.
It was a potion of haste.
You feel yourself speed up. The hound bites you.
You closely miss the hound.
The hound is lightly wounded.
The hound bites you.
* * * LOW HITPOINT WARNING * * *
Unknown command.
You fade into invisibility!
The hound bites you.
* * * LOW HITPOINT WARNING * * *
The hound closely misses you.
You are very lightly contaminated with residual magic.
Unknown command.
There is a stone staircase leading up here.
You climb upwards.
Level annotation: Sigmund
There is a stone staircase leading down here.
Unknown command.
There is a stone staircase leading up here.
You climb upwards.
There is a stone staircase leading down here.
Are you sure you want to abandon this character and quit the game? (Confirm with "yes".)
Okay, then.
Unknown command.
Unknown command.
(D) Dungeon
Where to? (Enter - D:3, ? - help)
You climb downwards.
Level annotation: Sigmund
There is a stone staircase leading up here.
(D) Dungeon
Where to? (Enter - D:2, ? - help)
There is a stone staircase leading down here.
You climb downwards.
The hound bites you.
You die...

####........#.
#...o....#
#........#
#.....####
#.......#
#.......#
#.......#
#..>....#
#....h@.#
#.#####.# #.
.# # ##


You could see a hound and an orc.

Vanquished Creatures
  An ooze (D:2)
  2 worms
  3 dart slugs
  3 leopard geckos
  An orc (D:2)
  A ball python (D:2)
  3 bats (D:2)
  2 giant cockroaches (D:2)
  4 goblins
  16 hobgoblins
  5 jackals
  2 quokkas
  5 frilled lizards
  5 kobolds
  4 rats (D:2)
57 creatures vanquished.

Vanquished Creatures (collateral kills)
  A goblin (D:2)
1 creature vanquished.

Grand Total: 58 creatures vanquished

Notes
Turn   | Place    | Note
-------+----------+-------------------------------------------
     0 | D:1      | MisterOstroum the Demonspawn Enchanter began the quest for
                  | the Orb.
     0 | D:1      | Reached XP level 1. HP: 13/13 MP: 3/3
    25 | D:1      | Reached skill level 1 in Short Blades
   242 | D:1      | Gained mutation: Your flesh is heat resistant. (rF+)
                  | [demonic ancestry]
   242 | D:1      | Reached XP level 2. HP: 20/20 MP: 5/5
   291 | D:1      | Learned a level 2 spell: Ensorcelled Hibernation
   891 | D:1      | Reached XP level 3. HP: 23/25 MP: 6/6
  1362 | D:2      | Reached skill level 1 in Fighting
  1393 | D:2      | Noticed Sigmund
  1531 | D:2      | Reached skill level 1 in Ice Magic
  1583 | D:2      | Learned a level 3 spell: Tukima's Dance
  1607 | D:2      | Found an opulent altar of Gozag.
  1892 | D:2      | Reached XP level 4. HP: 32/32 MP: 1/7
  2606 | D:3      | HP: 1/32 [hound (6)]
  2636 | D:3      | Slain by a hound

Skill      XL: |  1  2  3 |
---------------+----------+-----
Short Blades   | 1 2 |  2.3
Fighting       | 1 |  1.3
Ice Magic      | 1 |  1.4
Dodging        | |  1.7
Stealth        | |  3.0
Spellcasting   | |  2.0
Hexes          | |  3.5

Action                   |  1- 3 |  4- 6 || total
-------------------------+-------+-------++-------
Melee: Dagger            |   143 |    43 ||   186
       Short sword       |       |     3 ||     3
Throw: Stone             |    26 |    11 ||    37
 Cast: Corona            |    16 |     4 ||    20
       Ensorcelled Hiber |    19 |    12 ||    31
       Tukima's Dance    |       |     1 ||     1
  Use: Scroll            |     1 |       ||     1
       Potion            |       |     2 ||     2
 Stab: Sleeping          |    22 |     7 ||    29
  Eat: Chunk             |    10 |     2 ||    12
       Ration            |       |     1 ||     1
Armor: Robe              |    27 |     4 ||    31
Dodge: Dodged            |    89 |    25 ||   114
